| TOP OF THE 1ST |
|
Medicine Hat Blue Jays batting - Pitching for Great Falls Voyagers : LHP Paul Cherry
|
|
Pitching: LHP Paul Cherry
|
|
|
Batting: RHB Burt Milley
|
0-0: Ground out 6-3 (Groundball, 6M, EV 100.0 MPH)
|
|
Batting: LHB Alberto Chino
|
0-0: Called Strike 0-1: Ground out 6-3 (Groundball, 6, EV 79.4 MPH)
|
|
Batting: RHB Greg Legg
|
0-0: Reached on error, E1 (Groundball, 25, EV 75.6 MPH)
|
|
Batting: LHB Jose Gomez
|
0-0: Ball 1-0: Foul Ball, location: 2F 1-1: Ground out 5-3 (Groundball, 56, EV 86.9 MPH)
|
| Top of the 1st over - 0 runs, 0 hits, 1 error, 1 left on base; Medicine Hat 0 - Great Falls 0 |
| BOTTOM OF THE 1ST |
|
Great Falls Voyagers batting - Pitching for Medicine Hat Blue Jays : RHP Darrel Akerfelds
|
|
Pitching: RHP Darrel Akerfelds
|
|
|
Batting: LHB Jose Fernandez
|
0-0: Ball 1-0: Ball 2-0: Called Strike 2-1: Ball 3-1: SINGLE (Groundball, 34S, EV 62.5 MPH) (infield hit)
|
|
Batting: LHB Juan Villaescusa
|
0-0: Ball 1-0: Fielders Choice at 2nd, 6-4 (Groundball, 56, EV 78.8 MPH)
|
|
Batting: RHB Johnny Paredes
|
0-0: Called Strike 0-1: Swinging Strike 0-2: Foul Ball, location: 2F 0-2: Ball 1-2: Ball 2-2: SINGLE (Groundball, 25, EV 60.0 MPH) (infield hit) Juan Villaescusa to second
|
|
Batting: RHB Jose Gomez
|
0-0: Called Strike 0-1: Ball Juan Villaescusa steals 3rd base (no throw) 1-1: Fly out, F9 (Flyball, 9LD, EV 105.6 MPH) Runner from 3rd tags up, SCORES, no throw by RF
|
|
Batting: SHB John Kanter
|
0-0: Foul Ball, location: 2F 0-1: SINGLE (Flyball, 34D, EV 96.3 MPH) Johnny Paredes to second Runner from 2nd tries for 3rd, SAFE, throw by RF made to third
|
|
Batting: SHB Gerald Young
|
0-0: Ball Passed Ball! Johnny Paredes scores John Kanter to second 1-0: Ball 2-0: Fly out, F3 (Flyball, 3D, EV 94.4 MPH)
|
| Bottom of the 1st over - 2 runs, 3 hits, 0 errors, 1 left on base; Medicine Hat 0 - Great Falls 2 |
| TOP OF THE 2ND |
|
Medicine Hat Blue Jays batting - Pitching for Great Falls Voyagers : LHP Paul Cherry
|
|
Batting: RHB Carlos Ponce
|
0-0: Ball 1-0: Foul Ball, location: 2F 1-1: Ball 2-1: Ball 3-1: Base on Balls
|
|
Batting: RHB Terence Shoebridge
|
0-0: Ball 1-0: Ball 2-0: Called Strike 2-1: Swinging Strike 2-2: Ball 3-2: Base on Balls Carlos Ponce to second
|
|
Batting: SHB Cordie Dillard
|
0-0: Called Strike 0-1: Foul Ball, location: 2F 0-2: Ball 1-2: Ball 2-2: Ball 3-2: Strikes out looking
|
|
Batting: RHB Darrell Vosejpka
|
0-0: Ball 1-0: Fly out, F7 (Flyball, 78M, EV 75.6 MPH)
|
|
Batting: LHB Randall Curtis
|
0-0: Swinging Strike 0-1: Swinging Strike 0-2: Fly out, F8 (Flyball, 8LD, EV 94.4 MPH)
|
| Top of the 2nd over - 0 runs, 0 hits, 0 errors, 2 left on base; Medicine Hat 0 - Great Falls 2 |
| BOTTOM OF THE 2ND |
|
Great Falls Voyagers batting - Pitching for Medicine Hat Blue Jays : RHP Darrel Akerfelds
|
|
Batting: LHB John Yari
|
0-0: Ball 1-0: Ground out 6-3 (Groundball, 6M, EV 85.6 MPH)
|
|
Batting: RHB Guy Duhon
|
0-0: Foul Ball, location: 2F 0-1: Foul Ball, location: 2F 0-2: Ball 1-2: Ball 2-2: Foul Ball, location: 2F 2-2: Strikes out swinging
|
|
Batting: RHB Harvey Wilkerson
|
0-0: Ball 1-0: Swinging Strike 1-1: Ground out 3-1 (Groundball, 34, EV 111.9 MPH)
|
| Bottom of the 2nd over - 0 runs, 0 hits, 0 errors, 0 left on base; Medicine Hat 0 - Great Falls 2 |
| TOP OF THE 3RD |
|
Medicine Hat Blue Jays batting - Pitching for Great Falls Voyagers : LHP Paul Cherry
|
|
Batting: RHB Burt Milley
|
0-0: Swinging Strike 0-1: Ball 1-1: SINGLE (Line Drive, 6M, EV 109.4 MPH)
|
|
Batting: LHB Alberto Chino
|
0-0: Called Strike 0-1: Ball 1-1: Fly out, F4 (Popup, 4, EV 58.1 MPH)
|
|
Batting: RHB Greg Legg
|
0-0: Fly out, F9 (Flyball, 9, EV 94.4 MPH)
|
|
Batting: LHB Jose Gomez
|
0-0: Ball 1-0: Fly out, F7 (Flyball, 7LM, EV 96.9 MPH)
|
| Top of the 3rd over - 0 runs, 1 hit, 0 errors, 1 left on base; Medicine Hat 0 - Great Falls 2 |
| BOTTOM OF THE 3RD |
|
Great Falls Voyagers batting - Pitching for Medicine Hat Blue Jays : RHP Darrel Akerfelds
|
|
Batting: LHB Jose Fernandez
|
0-0: Fly out, F7 (Line Drive, 7, EV 88.8 MPH)
|
|
Batting: LHB Juan Villaescusa
|
0-0: Called Strike 0-1: Foul Ball, location: 2F 0-2: Ball 1-2: Ball 2-2: Ground out 4-3 (Groundball, 4, EV 101.3 MPH)
|
|
Batting: RHB Johnny Paredes
|
0-0: Ball 1-0: Ball 2-0: Called Strike 2-1: Ball 3-1: Called Strike 3-2: TRIPLE (Line Drive, 8LXD, EV 105.6 MPH)
|
|
Batting: RHB Jose Gomez
|
0-0: Ball 1-0: Ball 2-0: Fly out, F9 (Flyball, 9D, EV 100.6 MPH)
|
| Bottom of the 3rd over - 0 runs, 1 hit, 0 errors, 1 left on base; Medicine Hat 0 - Great Falls 2 |
| TOP OF THE 4TH |
|
Medicine Hat Blue Jays batting - Pitching for Great Falls Voyagers : LHP Paul Cherry
|
|
Batting: RHB Carlos Ponce
|
0-0: Called Strike 0-1: Foul Ball, location: 2F 0-2: Ball 1-2: Fly out, F7 (Flyball, 78XD, EV 98.8 MPH)
|
|
Batting: RHB Terence Shoebridge
|
0-0: Ball 1-0: Called Strike 1-1: Swinging Strike 1-2: Foul Ball, location: 2F 1-2: Strikes out swinging
|
|
Batting: SHB Cordie Dillard
|
0-0: Fly out, F4 (Popup, 3D, EV 57.5 MPH)
|
| Top of the 4th over - 0 runs, 0 hits, 0 errors, 0 left on base; Medicine Hat 0 - Great Falls 2 |
| BOTTOM OF THE 4TH |
|
Great Falls Voyagers batting - Pitching for Medicine Hat Blue Jays : RHP Darrel Akerfelds
|
|
Batting: SHB John Kanter
|
0-0: Ball 1-0: Fly out, F8 (Flyball, 8RD, EV 87.5 MPH)
|
|
Batting: SHB Gerald Young
|
0-0: Ground out 6-3 (Groundball, 6, EV 100.6 MPH)
|
|
Batting: LHB John Yari
|
0-0: Called Strike 0-1: Foul Ball, location: 2F 0-2: SINGLE (Line Drive, 89M, EV 91.9 MPH)
|
|
Batting: RHB Guy Duhon
|
0-0: Ball 1-0: Ball 2-0: Ball 3-0: Called Strike 3-1: Swinging Strike 3-2: Base on Balls John Yari to second
|
|
Batting: RHB Harvey Wilkerson
|
0-0: Foul Ball, location: 2F 0-1: Ball 1-1: Called Strike 1-2: Fly out, F9 (Flyball, 89M, EV 90.6 MPH)
|
| Bottom of the 4th over - 0 runs, 1 hit, 0 errors, 2 left on base; Medicine Hat 0 - Great Falls 2 |
| TOP OF THE 5TH |
|
Medicine Hat Blue Jays batting - Pitching for Great Falls Voyagers : LHP Paul Cherry
|
|
Batting: RHB Darrell Vosejpka
|
0-0: Called Strike 0-1: Foul Ball, location: 2F 0-2: Fly out, F8 (Line Drive, 8RM, EV 91.9 MPH)
|
|
Batting: LHB Randall Curtis
|
0-0: Foul Ball, location: 2F 0-1: Fly out, F8 (Flyball, 8LM, EV 97.5 MPH)
|
|
Batting: RHB Burt Milley
|
0-0: SINGLE (Line Drive, 8RS, EV 98.1 MPH)
|
|
Batting: LHB Alberto Chino
|
0-0: Ball 1-0: Swinging Strike 1-1: Ball 2-1: Fly out, F8 (Flyball, 8RD, EV 96.9 MPH)
|
| Top of the 5th over - 0 runs, 1 hit, 0 errors, 1 left on base; Medicine Hat 0 - Great Falls 2 |
| BOTTOM OF THE 5TH |
|
Great Falls Voyagers batting - Pitching for Medicine Hat Blue Jays : RHP Darrel Akerfelds
|
|
Batting: LHB Jose Fernandez
|
0-0: Ball 1-0: Called Strike 1-1: Ball 2-1: Fly out, F6 (Line Drive, 6, EV 71.3 MPH)
|
|
Batting: LHB Juan Villaescusa
|
0-0: TRIPLE (Flyball, 9LD, EV 103.8 MPH)
|
|
Batting: RHB Johnny Paredes
|
0-0: Ball Wild Pitch! Juan Villaescusa scores 1-0: Foul Ball, location: 2F 1-1: Ball 2-1: Ground out 4-3 (Groundball, 4, EV 93.8 MPH)
|
|
Now at 2B: Thomas Norko
|
|
|
Batting: RHB Jose Gomez
|
0-0: Fly out, F9 (Flyball, 9, EV 88.1 MPH)
|
| Bottom of the 5th over - 1 run, 1 hit, 0 errors, 0 left on base; Medicine Hat 0 - Great Falls 3 |
| TOP OF THE 6TH |
|
Medicine Hat Blue Jays batting - Pitching for Great Falls Voyagers : LHP Paul Cherry
|
|
Batting: RHB Greg Legg
|
0-0: Ball 1-0: Called Strike 1-1: Ball 2-1: SINGLE (Groundball, 56, EV 106.3 MPH) (infield hit)
|
|
Batting: LHB Jose Gomez
|
0-0: Ball 1-0: Fly out, F8 (Flyball, 8RM, EV 80.0 MPH)
|
|
Batting: RHB Carlos Ponce
|
0-0: Called Strike 0-1: DOUBLE (Line Drive, 89D, EV 105.0 MPH) Greg Legg to third
|
|
Batting: RHB Terence Shoebridge
|
0-0: Ball 1-0: Swinging Strike 1-1: Fly out, F8 (Flyball, 8RXD, EV 95.0 MPH) Runner from 3rd tags up, SCORES, no throw by CF Carlos Ponce to third
|
|
Batting: SHB Cordie Dillard
|
0-0: Called Strike 0-1: Ball 1-1: Swinging Strike 1-2: Strikes out swinging
|
| Top of the 6th over - 1 run, 2 hits, 0 errors, 1 left on base; Medicine Hat 1 - Great Falls 3 |
| BOTTOM OF THE 6TH |
|
Great Falls Voyagers batting - Pitching for Medicine Hat Blue Jays : RHP Darrel Akerfelds
|
|
Batting: SHB John Kanter
|
0-0: Foul Ball, location: 2F 0-1: Foul Ball, location: 2F 0-2: Ball 1-2: Ball 2-2: Foul Ball, location: 2F 2-2: Ball 3-2: SINGLE (Groundball, 4D, EV 96.3 MPH)
|
|
Batting: SHB Gerald Young
|
0-0: Ball 1-0: Called Strike 1-1: Foul Ball, location: 2F 1-2: Strikes out swinging
|
|
Batting: LHB John Yari
|
0-0: Called Strike 0-1: SINGLE (Flyball, 56D, EV 84.4 MPH) John Kanter to second
|
|
Batting: RHB Guy Duhon
|
0-0: Ball 1-0: Ball 2-0: Ball 3-0: Base on Balls John Kanter to third John Yari to second
|
|
Batting: RHB Harvey Wilkerson
|
0-0: Called Strike 0-1: Ball 1-1: Ball 2-1: Called Strike 2-2: Fly out, F5 (Popup, 5SF, EV 85.6 MPH)
|
|
Batting: LHB Jose Fernandez
|
0-0: Called Strike 0-1: Ball 1-1: Ball 2-1: Ball 3-1: Base on Balls John Kanter scores John Yari to third Guy Duhon to second
|
|
Batting: LHB Juan Villaescusa
|
0-0: Called Strike 0-1: Ball 1-1: Foul Ball, location: 2F 1-2: Ball 2-2: Foul Ball, location: 2F 2-2: Ball 3-2: Base on Balls John Yari scores Guy Duhon to third Jose Fernandez to second
|
|
Batting: RHB Johnny Paredes
|
0-0: Ball 1-0: Foul Ball, location: 2F 1-1: Ball 2-1: Foul Ball, location: 2F 2-2: Ground out 4-3 (Groundball, 4, EV 86.9 MPH)
|
| Bottom of the 6th over - 2 runs, 2 hits, 0 errors, 3 left on base; Medicine Hat 1 - Great Falls 5 |
| TOP OF THE 7TH |
|
Medicine Hat Blue Jays batting - Pitching for Great Falls Voyagers : LHP Paul Cherry
|
|
Batting: RHB Darrell Vosejpka
|
0-0: Ball 1-0: Ball 2-0: Called Strike 2-1: Foul Ball, location: 2F 2-2: Foul Ball, location: 2F 2-2: Ball 3-2: Foul Ball, location: 2F 3-2: SINGLE (Flyball, 8RS, EV 89.4 MPH)
|
|
Batting: LHB Randall Curtis
|
0-0: Fly out, F9 (Flyball, 89D, EV 85.0 MPH)
|
|
Batting: RHB Thomas Norko
|
0-0: Ball Passed Ball! Darrell Vosejpka to second 1-0: Called Strike 1-1: Swinging Strike 1-2: Ground out 5-3 (Groundball, 56, EV 85.6 MPH)
|
|
Batting: LHB Alberto Chino
|
0-0: Ball 1-0: Ground out 4-3 (Groundball, 4, EV 92.5 MPH)
|
| Top of the 7th over - 0 runs, 1 hit, 0 errors, 1 left on base; Medicine Hat 1 - Great Falls 5 |
| BOTTOM OF THE 7TH |
|
Great Falls Voyagers batting - Pitching for Medicine Hat Blue Jays : RHP Darrel Akerfelds
|
|
Batting: RHB Jose Gomez
|
0-0: Called Strike 0-1: Swinging Strike 0-2: Ground out U3 (Groundball, 3S, EV 86.3 MPH)
|
|
Batting: SHB John Kanter
|
0-0: Ground out 6-3 (Groundball, 6, EV 113.1 MPH)
|
|
Batting: SHB Gerald Young
|
0-0: Swinging Strike 0-1: Ball 1-1: Swinging Strike 1-2: Ball 2-2: Ball 3-2: Base on Balls
|
|
Batting: LHB John Yari
|
0-0: Reached on error, E4 (Groundball, 4S, EV 80.0 MPH) Gerald Young to second
|
|
Batting: RHB Guy Duhon
|
0-0: Called Strike 0-1: Ball 1-1: Foul Ball, location: 2F 1-2: Strikes out looking
|
| Bottom of the 7th over - 0 runs, 0 hits, 1 error, 2 left on base; Medicine Hat 1 - Great Falls 5 |
| TOP OF THE 8TH |
|
Medicine Hat Blue Jays batting - Pitching for Great Falls Voyagers : LHP Paul Cherry
|
|
Batting: RHB Greg Legg
|
0-0: Ball 1-0: Ball 2-0: SINGLE (Groundball, 56D, EV 105.0 MPH)
|
|
Batting: LHB Jose Gomez
|
0-0: Fly out, F8 (Line Drive, 8LD, EV 96.3 MPH)
|
|
Batting: RHB Carlos Ponce
|
0-0: Ball 1-0: Ball 2-0: SINGLE (Groundball, 6D, EV 100.6 MPH) Greg Legg to second
|
|
Batting: RHB Terence Shoebridge
|
0-0: Called Strike 0-1: Foul Ball, location: 2F 0-2: Ball 1-2: Ball 2-2: Ground out 5-3 (Groundball, 56S, EV 80.6 MPH) Greg Legg to third Carlos Ponce to second
|
|
Pitching: RHP Libardo Villalba
|
|
|
Batting: SHB Cordie Dillard
|
0-0: Ball 1-0: Ball 2-0: SINGLE (Groundball, 34D, EV 103.8 MPH) Greg Legg scores Carlos Ponce to third Runner from 3rd tries for Home, SAFE, throw by RF to home
|
|
Batting: RHB Darrell Vosejpka
|
0-0: Called Strike 0-1: Ball 1-1: Foul Ball, location: 2F 1-2: Ball 2-2: Fielders Choice at 2nd, 6-4 (Groundball, 6, EV 84.4 MPH)
|
| Top of the 8th over - 2 runs, 3 hits, 0 errors, 1 left on base; Medicine Hat 3 - Great Falls 5 |
| BOTTOM OF THE 8TH |
|
Great Falls Voyagers batting - Pitching for Medicine Hat Blue Jays : RHP Darrel Akerfelds
|
|
Pitching: RHP Andrew Adams
|
|
|
Batting: RHB Harvey Wilkerson
|
0-0: Called Strike 0-1: Fly out, F9 (Flyball, 9, EV 81.3 MPH)
|
|
Batting: LHB Jose Fernandez
|
0-0: Called Strike 0-1: Ball 1-1: Fly out, F7 (Line Drive, 7, EV 103.1 MPH)
|
|
Batting: LHB Juan Villaescusa
|
0-0: Called Strike 0-1: Ball 1-1: Fly out, F8 (Flyball, 8RXD, EV 93.8 MPH)
|
| Bottom of the 8th over - 0 runs, 0 hits, 0 errors, 0 left on base; Medicine Hat 3 - Great Falls 5 |
| TOP OF THE 9TH |
|
Medicine Hat Blue Jays batting - Pitching for Great Falls Voyagers : RHP Libardo Villalba
|
|
Now in LF: Mac Powers
|
|
|
Batting: LHB Randall Curtis
|
0-0: Ball 1-0: Called Strike 1-1: Swinging Strike 1-2: Ball 2-2: Ground out 6-3 (Groundball, 6, EV 107.5 MPH)
|
|
Batting: RHB Thomas Norko
|
0-0: Called Strike 0-1: Ball 1-1: Ground out 4-3 (Groundball, 34, EV 84.4 MPH)
|
|
Batting: LHB Alberto Chino
|
0-0: Ball 1-0: Swinging Strike 1-1: DOUBLE (Line Drive, 5D, EV 95.6 MPH)
|
|
Batting: RHB Greg Legg
|
0-0: Foul Ball, location: 2F 0-1: Ground out 5-3 (Groundball, 56, EV 95.6 MPH)
|
| Top of the 9th over - 0 runs, 1 hit, 0 errors, 1 left on base; Medicine Hat 3 - Great Falls 5 |
|